 Dungeon Crawl Stone Soup version 0.28.0-53-g5a82cb258f (webtiles) character file.

Game seed: 16582812537978505241

35 LadyOphelia the Chopper (level 3, -4/34 HPs)
             Began as a Deep Dwarf Berserker on July 3, 2022.
             Was a Believer of Trog.
             Slain by a gnoll
             ... wielding a +0 halberd
              (9 damage)
             ... on level 2 of the Dungeon.
             The game lasted 00:03:38 (818 turns).

LadyOphelia the Chopper (Deep Dwarf Berserker)       Turns: 818, Time: 00:03:38

Health: -4/34      AC:  2    Str: 22    XL:     3   Next: 16%
Magic:  3/3        EV: 12    Int:  7    God:    Trog [**....]
Gold:   30         SH:  0    Dex: 12    Spells: 2/2 levels left

rFire   . . .      SeeInvis .   a - +0 hand axe
rCold   . . .      Faith    .   (no shield)
rNeg    . . .      Spirit   .   b - +0 animal skin
rPois   .          Reflect  .   (no helmet)
rElec   .          Harm     .   (no cloak)
rCorr   .          Rampage  .   (no gloves)
Will    .....                   (no boots)
Stlth   +.........              (no amulet)
HPRegen 0.00/turn               (no ring)
MPRegen 0.08/turn               (no ring)

@: no status effects
A: damage resistance, heal wounds, sense surroundings 1, no regeneration
a: Heal Wounds, Renounce Religion, Berserk, Trog's Hand


You were on level 2 of the Dungeon.
You worshipped Trog.
Trog was pleased with you.
You visited 1 branch of the dungeon, and saw 2 of its levels.

You collected 30 gold pieces.

Inventory:

Hand Weapons
 a - a +0 hand axe (weapon)
Armour
 b - a +0 animal skin (worn)
Scrolls
 h - 2 scrolls of identify
Potions
 c - a potion of haste {unknown}
 d - a potion of lignification {unknown}
 e - a potion of curing {unknown}
 f - a potion of resistance
 g - a potion of heal wounds {unknown}
 i - a potion of might {unknown}


   Skills:
 + Level 3.1 Fighting
 + Level 3.9 Axes
 + Level 2.4 Armour
 + Level 2.6 Dodging


You had 2 spell levels left.
You didn't know any spells.
Your spell library was empty.

Dungeon Overview and Level Annotations

Branches:
Dungeon (2/15)

Altars:


Innate Abilities, Weirdness & Mutations

You are resistant to damage.
You can heal yourself by infusing magical energy.
You passively map a small area around you.
You do not regenerate.


Message History

The dart slug is severely wounded.
The dart slug bites you.
You slash the dart slug!
You kill the dart slug!
Trog accepts your kill. The hobgoblin barely misses you.
You barely miss the hobgoblin. The hobgoblin hits you.
You barely miss the hobgoblin. The hobgoblin hits you.
You closely miss the hobgoblin. The hobgoblin hits you.
You closely miss the hobgoblin. The hobgoblin hits you.
You hit the hobgoblin.
The hobgoblin is moderately wounded.
The hobgoblin hits you.
You barely miss the hobgoblin.
The hobgoblin is moderately wounded.
The hobgoblin hits you.
You completely miss the hobgoblin.
The hobgoblin is moderately wounded.
The hobgoblin barely misses you.
You barely miss the hobgoblin.
The hobgoblin is moderately wounded.
The hobgoblin hits you.
You hit the hobgoblin.
You kill the hobgoblin!
Trog accepts your kill.
Items here: ) ††††.
Found a faded altar of an unknown god.
Unknown command.
Unknown command.
A gnoll comes into view. It is wielding a +0 spear.
The gnoll shouts!
A gnoll comes into view. It is wielding a +0 halberd.
The gnoll shouts!
You hear a shout! x2; You hear an angry hiss.
A gnoll comes into view. It is wielding a +0 club.
The gnoll hits you with a +0 halberd!
* * * LOW HITPOINT WARNING * * *
You slash the gnoll!
The gnoll is severely wounded.
The gnoll hits you with a +0 halberd!
You die...

, ,, , .# #.!. ,, #.#
#..# * , #.# #..# *
....≈..# #..# ,
≈...≈.≈#.## #..# , ,
.≈.≈.≈..#.###..# ,
≈.≈.≈...#..##..#####.#*
,
≈≈.≈≈...#.......@ggg.#
≈≈_≈≈...#......####.##
* .≈≈≈.≈..#.#.##.# *
≈≈.≈≈≈≈#.......# ,
.≈.≈..#.###.#### , ,
.≈.≈.#..###.## *,, *
##.##....#...## *
............... ... ,
##......†#...## #.# *


You could see 3 gnolls.

Vanquished Creatures
  An adder (D:2)
  A dart slug (D:2)
  2 bats (D:2)
  A giant cockroach (D:1)
  3 goblins (D:1)
  3 hobgoblins
  3 kobolds
  10 rats (D:1)
24 creatures vanquished.

Notes
Turn   | Place    | Note
-------+----------+-------------------------------------------
     0 | D:1      | LadyOphelia the Deep Dwarf Berserker began the quest for
                  | the Orb.
     0 | D:1      | Reached XP level 1. HP: 20/20 MP: 1/1
    10 | D:1      | Noticed an ogre
   164 | D:1      | Reached XP level 2. HP: 9/27 MP: 2/2
   788 | D:2      | Reached ** piety under Trog
   789 | D:2      | Reached XP level 3. HP: 26/34 MP: 3/3
   801 | D:2      | Found a faded altar of an unknown god.
   818 | D:2      | Slain by a gnoll

Illustrated notes

Levels and vault maps discovered:
D:1:      evilmike_arrival_come_back, layout_basic, minmay_misc_feat_hallway,
          minmay_misc_feat_plants, minmay_misc_feat_doors,
          minmay_rat_gold_closets
D:2:      layout_loops_ring, shapermc_ecumenical_altar_starsandcircs,
          minmay_randomly_rotated_circles

Skill      XL: |  1  2 |
---------------+-------+-----
Fighting       | 3 |  3.1
Axes           | |  3.9
Armour         | |  2.4
Dodging        | |  2.6

Action                   || total
-------------------------++-------
Melee: Hand axe          ||    76
 Abil: Heal Wounds       ||     1
  Use: Scroll            ||     2
Armor: Animal skin       ||    13
Dodge: Dodged            ||    42
